 Dungeon Crawl Stone Soup version 0.15-a0-1015-g702813b (console) character file.

42 Kellhus the Gusty (level 3, -4/21 HPs)
             Began as a Halfling Air Elementalist on May 26, 2014.
             Slain by Crazy Yiuf
             ... wielding a +4,+2 quarterstaff of chaos
              (13 damage)
             ... on Level 2 of the Dungeon.
             The game lasted 00:04:41 (2177 turns).

Kellhus the Gusty (Halfling Air Elementalist)       Turns: 2177, Time: 00:04:41

HP  -4/21        AC  3     Str  5      XL: 3   Next: 77%
MP   0/5         EV 15     Int 16      God:
Gold 50          SH  0     Dex 16      Spells:  1 memorised,  4 levels left

rFire  . . .     SeeInvis .     (no weapon)
rCold  . . .     Clarity  .     i - +0 robe
rNeg   . . .     Conserve .     (no shield)
rPois  .         rCorr    .     k - +0 helmet
rElec  .         rRot     .     (no cloak)
SustAb .         Spirit   .     (no gloves)
rMut   .         Warding  .     (no boots)
Gourm  .         Stasis   .     (no amulet)
MR     .....                    (no ring)
                                (no ring)

@: not resistant to hostile enchantments, unstealthy
A: mutation resistance 1
a: no special abilities


You were on level 2 of the Dungeon.
You were very hungry.

You visited 1 branch of the dungeon, and saw 2 of its levels.

You collected 50 gold pieces.

Inventory:

Armour
 a - a +0 robe
 i - a +0 robe (worn)
 k - a +0 helmet (worn)
Comestibles
 c - a bread ration
 d - an apple
 j - a lemon
Scrolls
 e - a scroll of teleportation {unknown}
 h - a scroll of remove curse
 m - 3 scrolls of identify {unknown}
Jewellery
 l - an uncursed ring of teleportation
Potions
 f - a potion of cure mutation {unknown}
 g - a potion of might {unknown}
 n - a potion of poison {unknown}
Books
 b - a book of Air

   Spells                             Type                      Level
   *Shock                             Conjuration/Air              1
   Swiftness                          Charms/Air                   2
   Repel Missiles                     Charms/Air                   2
   Flight                             Charms/Air                   3
   Static Discharge                   Conjuration/Air              3
   Lightning Bolt                     Conjuration/Air              5


   Skills:
 - Level 2.1 Dodging
 - Level 2.0 Stealth
 - Level 1.5 Spellcasting
 - Level 0.7 Conjurations
 + Level 4.9 Air Magic


You had 4 spell levels left.
You knew the following spells:

 Your Spells              Type           Power        Failure   Level  Hunger
a - Shock                 Conj/Air       ##..         10%         1    ##.....


Dungeon Overview and Level Annotations

Branches:
Dungeon (2/15)

Altars:

Annotations:
D:2 Crazy Yiuf


Innate Abilities, Weirdness & Mutations

You are small and have problems with some larger weapons.
You are somewhat resistant to further mutation.


Message History

Aim: Crazy Yiuf, wielding a quarterstaff of chaos, wearing a cloak and carrying a wand of flame {zapped: 4} (heavily wounded) That beam is likely to hit you.
Continue anyway?
The zap hits Crazy Yiuf.
Crazy Yiuf is severely wounded.
The zap hits Crazy Yiuf.
Crazy Yiuf appears unharmed.
Crazy Yiuf is severely wounded.
The zap misses you.
Crazy Yiuf hits you with a quarterstaff of chaos.
Casting: Shock
Confirm with . or Enter, or press ? or * to list all spells.
Aiming: Shock
Press: ? - help, Shift-Dir - straight line, f/p - Crazy Yiuf
Aim: Crazy Yiuf, wielding a quarterstaff of chaos, wearing a cloak and carrying a wand of flame {zapped: 4} (heavily wounded) That beam is likely to hit you.
Continue anyway?
The zap hits Crazy Yiuf.
Crazy Yiuf is severely wounded.
The zap misses Crazy Yiuf.
The zap hits you!
Crazy Yiuf hits you with a quarterstaff of chaos!
Ouch! That really hurt!
You die...

###......# #....#
.....#.#.#####)..#
....<..........#.#
.###.#.#.#####...#
.# #.....# ###.#
.# ###.#########.#
.# #.# #.......#
.# #.# #.#####.#
.#####.###.# #@#
...........#####g#
.#####...........#
.# ##.###########
.####...#
......#.#
.####...# ## #####


You could see Crazy Yiuf.

Vanquished Creatures
  2 giant geckos (D:1)
  An ooze (D:1)
  3 bats
  A giant cockroach (D:1)
  5 hobgoblins (D:1)
  3 jackals (D:1)
  4 kobolds
  4 giant newts
  5 goblins
  9 rats
37 creatures vanquished.

Notes
Turn   | Place    | Note
--------------------------------------------------------------
     0 | D:1      | Kellhus, the Halfling Air Elementalist, began the quest for the Orb.
     0 | D:1      | Reached XP level 1. HP: 11/11 MP: 2/2
   680 | D:1      | Reached XP level 2. HP: 17/17 MP: 0/3
   838 | D:1      | Reached skill level 4 in Air Magic
  1374 | D:1      | Reached XP level 3. HP: 18/21 MP: 1/5
  2130 | D:2      | Noticed Crazy Yiuf
  2177 | D:2      | Slain by Crazy Yiuf

Action                   || total
-------------------------++-------
Melee: Unarmed           ||    46
 Cast: Shock             ||    68
  Use: Scroll            ||     3
